 Dungeon Crawl Stone Soup version 0.31.0-11-ge490571c62 (webtiles) character file.

Game seed: 9088225459683606617

246 bearlyready the Sneak (level 6, 0/44 HPs)
             Began as a Gnoll Enchanter on Feb 8, 2024.
             Slain by an orc
             ... wielding a +0 whip
              (5 damage)
             ... on level 3 of the Dungeon.
             The game lasted 00:05:00 (3057 turns).

bearlyready the Sneak (Gnoll Enchanter)             Turns: 3057, Time: 00:05:00

Health: 0/44       AC:  4    Str:  7    XL:     6   Next: 11%
Magic:  14/14      EV: 14    Int: 15    God:
Gold:   147        SH:  0    Dex: 14    Spells: 15/15 levels left

rFire   . . .        h - +1 dagger (drain)
rCold   . . .        (no shield)
rNeg    . . .        b - +0 robe
rPois   .            (no helmet)
rElec   .            (no cloak)
rCorr   +            p - +0 pair of gloves
SInv    .            q - +0 pair of boots
Will    .....        (no amulet)
Stlth   +++          r - ring of resist corrosion
HPRegen 0.27/turn    (no ring)
MPRegen 0.14/turn

%: no passive effects
@: invisible
A: fangs 1, strong nose, distributed training
a: no special abilities


You were on level 3 of the Dungeon.
You visited 1 branch of the dungeon, and saw 5 of its levels.

You collected 147 gold pieces.

Inventory:

Hand Weapons
 a - a +1 dagger
 h - a +1 dagger of draining (weapon)
Missiles
 d - 29 stones (quivered)
 m - 5 poisoned darts
 y - 3 boomerangs
 z - a throwing net
Armour
 b - a +0 robe (worn)
 p - a +0 pair of gloves (worn)
 q - a +0 pair of boots (worn)
Jewellery
 r - a ring of resist corrosion (left hand)
Scrolls
 e - a scroll of noise {unknown}
 g - 2 scrolls of enchant weapon {unknown}
 i - a scroll of poison {unknown}
 j - a scroll of vulnerability {unknown}
 k - a scroll of amnesia
 l - a scroll of brand weapon {unknown}
 n - a scroll of identify {unknown}
 o - a scroll of blinking {unknown}
 t - 2 scrolls of immolation {unknown}
 v - a scroll of teleportation {unknown}
 x - a scroll of silence {unknown}
Potions
 f - 2 potions of curing {unknown}
 s - a potion of attraction {unknown}
 u - a potion of degeneration {unknown}
 w - 2 potions of cancellation {unknown}


   Skills:
 + Level 1.9 Fighting
 + Level 3.2 Short Blades
 + Level 1.9 Long Blades
 + Level 1.9 Axes
 + Level 1.9 Maces & Flails
 + Level 1.9 Polearms
 + Level 1.9 Staves
 + Level 1.9 Ranged Weapons
 + Level 1.9 Throwing
 + Level 1.9 Armour
 + Level 4.9 Dodging
 + Level 6.2 Stealth
 + Level 1.9 Shields
 + Level 1.9 Unarmed Combat
 + Level 5.3 Spellcasting
 + Level 1.5 Conjurations
 + Level 5.6 Hexes
 + Level 1.5 Summonings
 + Level 1.5 Necromancy
 + Level 1.5 Translocations
 + Level 1.5 Fire Magic
 + Level 1.5 Ice Magic
 + Level 1.5 Air Magic
 + Level 1.5 Earth Magic
 + Level 1.5 Alchemy
 + Level 2.1 Invocations
 + Level 1.9 Evocations
 + Level 1.7 Shapeshifting


You had 15 spell levels left.
You didn't know any spells.
Your spell library contained the following spells:

 Spells                   Type           Power      Damage    Failure   Level
 Confusing Touch          Hex            21%        N/A       4%          3
 Tukima's Dance           Hex            21%        N/A       4%          3
 Ensorcelled Hibernation  Hex/Ice        28%        N/A       5%          2
 Summon Small Mammal      Summ           32%        N/A       9%          1
 Dazzling Flash           Conj/Hex       28%        N/A       11%         3
 Cause Fear               Hex            10%        N/A       16%         4
 Call Canine Familiar     Summ           8%         N/A       26%         3
 Hailstorm                Conj/Ice       8%         3d5       26%         3
 Summon Ice Beast         Ice/Summ       8%         N/A       26%         3
 Passage of Golubria      Tloc           8%         N/A       63%         4
 Summon Blazeheart Golem  Fire/Summ      8%         N/A       63%         4
 Yara's Violent Unravell  Hex/Alch       7%         3d5       69%         5
 Fireball                 Conj/Fire      4%         3d4       93%         5
 Sculpt Simulacrum        Ice/Alch       4%         N/A       100%        6
 Dragon's Call            Summ           4%         N/A       100%        9


Dungeon Overview and Level Annotations

Branches:
Dungeon (5/15)
 Temple: D:4-7

Altars:
Makhleb

Annotations:
D:5 Grinder


Innate Abilities, Weirdness & Mutations

You have very sharp teeth.
Your uncanny sense of smell can sniff out nearby items.
Your experience applies equally to all skills.


Message History

Grinder misses you. The phantom closely misses you.
You barely miss Grinder. Grinder closely misses you.
You barely miss Grinder. Grinder gestures at you.
You suddenly lose the ability to move!
You flicker for a moment.
Grinder hits you.
You writhe in agony.
The phantom hits you.
* * * LOW HITPOINT WARNING * * *
Grinder completely misses you.
You can move again.
You aren't carrying any items that you can evoke.
Unknown command.
As you read the scroll labelled JOEKOE QEASSI, it crumbles to dust.
It is a scroll of amnesia.
You feel forgetful for a moment. Grinder barely misses you.
The phantom hits you.
* * * LOW HITPOINT WARNING * * *
The phantom blinks!
You blink.
Okay, then.
You flicker back into view.
There is a stone staircase leading up here.
You climb upwards.
The orc shouts!
There is a stone staircase leading down here.
The orc priest casts a cantrip, but nothing happens.
The orc hits you with a +0 whip.
* * * LOW HITPOINT WARNING * * *
The orc attacks as it pursues you! The orc hits you with a +0 whip.
* * * LOW HITPOINT WARNING * * *
There is a stone staircase leading up here.
You climb upwards.
There is a stone staircase leading down here.
You barely miss the orc. The orc hits you with a +0 whip.
* * * LOW HITPOINT WARNING * * *
You closely miss the orc. The orc closely misses you.
You hit the orc but do no damage. The orc hits you with a +0 whip.
* * * LOW HITPOINT WARNING * * *
You fade into invisibility!
The orc hits you with a +0 whip.
You die...

#.##########.# #.# #.# #.#
#.# ### #.# #.#######.# #.#
#.........# #.# #########.#
#### #.# #.# #... #.#
################.########.##
##.#
#..........@o...........#...
...#
#.########....##.######.....
.###
#.##.............######.....
.#
#.##.#####..#.##............
.#
#.##.###....#.##.#######....
.# #.#....'....#.##.#
#....... .#
#.#....#...##.##.# #.......
.# #.#....#...'...#.#
#.......
.#####.#...<#...#.#.#.#
#....##'


You could see an orc (unable to see you).

Vanquished Creatures
  An ogre (D:4)
  An orc wizard (D:4)
  A gnoll (D:1)
  6 adders
  A dart slug (D:1)
  6 orcs (D:4)
  7 bats
  8 endoplasms
  8 hobgoblins
  3 quokkas
  8 ball pythons
  5 frilled lizards
  3 goblins
  5 kobolds
  4 rats
67 creatures vanquished.

Vanquished Creatures (others)
  An orc (D:4)
1 creature vanquished.

Grand Total: 68 creatures vanquished

Notes
Turn   | Place    | Note
-------+----------+-------------------------------------------
     0 | D:1      | bearlyready the Gnoll Enchanter began the quest for the
                  | Orb.
     0 | D:1      | Reached XP level 1. HP: 13/13 MP: 6/6
   265 | D:1      | Reached XP level 2. HP: 17/18 MP: 7/7
   599 | D:1      | Reached skill level 5 in Spellcasting
   599 | D:1      | Reached XP level 3. HP: 25/25 MP: 7/9
   668 | D:1      | Reached skill level 6 in Stealth
   668 | D:1      | Reached skill level 1 in Invocations
  1206 | D:2      | Reached skill level 1 in Fighting
  1206 | D:2      | Reached skill level 1 in Long Blades
  1206 | D:2      | Reached skill level 1 in Axes
  1206 | D:2      | Reached skill level 1 in Maces & Flails
  1206 | D:2      | Reached skill level 1 in Polearms
  1206 | D:2      | Reached skill level 1 in Staves
  1206 | D:2      | Reached skill level 1 in Ranged Weapons
  1206 | D:2      | Reached skill level 1 in Throwing
  1206 | D:2      | Reached skill level 1 in Armour
  1206 | D:2      | Reached skill level 1 in Shields
  1206 | D:2      | Reached skill level 1 in Unarmed Combat
  1206 | D:2      | Reached skill level 1 in Evocations
  1785 | D:3      | Reached skill level 1 in Shapeshifting
  1785 | D:3      | Reached XP level 4. HP: 32/32 MP: 11/11
  2107 | D:3      | Reached skill level 1 in Conjurations
  2107 | D:3      | Reached skill level 1 in Summonings
  2107 | D:3      | Reached skill level 1 in Necromancy
  2107 | D:3      | Reached skill level 1 in Translocations
  2107 | D:3      | Reached skill level 1 in Fire Magic
  2107 | D:3      | Reached skill level 1 in Ice Magic
  2107 | D:3      | Reached skill level 1 in Air Magic
  2107 | D:3      | Reached skill level 1 in Earth Magic
  2107 | D:3      | Reached skill level 1 in Alchemy
  2641 | D:4      | Reached XP level 5. HP: 34/37 MP: 12/12
  2672 | D:4      | Noticed an ogre
  2679 | D:4      | HP: 1/37 [ogre/+0 giant spiked club (27)]
  2686 | D:4      | Killed an ogre
  2904 | D:4      | Found a burning altar of Makhleb.
  2968 | D:4      | Reached XP level 6. HP: 17/44 MP: 13/13
  3017 | D:5      | Entered Level 5 of the Dungeon
  3024 | D:5      | Noticed Grinder
  3030 | D:5      | Paralysed by Grinder for 2 turns
  3057 | D:3      | Slain by an orc

Illustrated notes

Levels and vault maps discovered:
D:1:      ebering_hopf_link, layout_loops_ring, roderic_three_in_a_row
D:2:      layout_basic, grunt_ministairs_14
D:3:      layout_basic
D:4:      cheibrodos_pilgrimage, layout_rooms, lemuel_coloured_pillars_altar
D:5:      layout_rooms, kennysheep_mini, nicolae_overflow_crystal_walls,
          temple_fountains, minmay_shop_damaged, uniq_grinder, uniq_menkaure,
          uniq_sigmund

Skill      XL: |  1  2  3  4  5 |
---------------+----------------+-----
Spellcasting   | 5 |  5.3
Stealth        | 6 |  6.2
Invocations    | 1 2 |  2.1
Fighting       | 1 |  1.9
Long Blades    | 1 |  1.9
Axes           | 1 |  1.9
Maces & Flails | 1 |  1.9
Polearms       | 1 |  1.9
Staves         | 1 |  1.9
Ranged Weapons | 1 |  1.9
Throwing       | 1 |  1.9
Armour         | 1 |  1.9
Shields        | 1 |  1.9
Unarmed Combat | 1 |  1.9
Evocations     | 1 |  1.9
Shapeshifting  | 1 |  1.7
Conjurations   | 1 |  1.5
Summonings     | 1 |  1.5
Necromancy     | 1 |  1.5
Translocations | 1 |  1.5
Fire Magic     | 1 |  1.5
Ice Magic      | 1 |  1.5
Air Magic      | 1 |  1.5
Earth Magic    | 1 |  1.5
Alchemy        | 1 |  1.5
Short Blades   | 3 |  3.2
Dodging        | |  4.9
Hexes          | |  5.6

Action                     |  1- 3 |  4- 6 || total
---------------------------+-------+-------++-------
  Melee: Dagger            |    76 |   106 ||   182
         Bite              |    11 |    10 ||    21
         Punch             |       |     2 ||     2
    Use: Potion            |       |     2 ||     2
         Scroll            |       |     1 ||     1
   Stab: Sleeping          |     9 |     3 ||    12
 Armour: Robe              |    25 |    51 ||    76
  Dodge: Dodged            |    35 |    83 ||   118
